[Event "ICCopen2016"]
[Site "Internet Chess Club"]
[Date "2016.06.04"]
[Round "6"]
[White "EeEk"]
[Black "doug50"]
[Result "1-0"]
[ICCResult "Black checkmated"]
[WhiteElo "1903"]
[BlackElo "1281"]
[Opening "QGD: Marshall defense"]
[ECO "D06"]
[NIC "QP.08"]
[Time "14:57:29"]
[TimeControl "180+0"]

1. d4 d5 2. c4 Nf6 3. cxd5 Qxd5 4. Nc3 Qd8 5. Nf3 e6 6. e4 Be7 7. Bd3 c6 8.
Bf4 Nbd7 9. Qe2 b5 10. a3 Bb7 11. O-O O-O 12. Rad1 Rc8 13. Ng5 g6 14. Qf3
Nh5 15. Qg4 Nxf4 16. Nxh7 Kxh7 17. Qxf4 Kg7 18. e5 Bg5 19. Qg4 Nb6 20. Ne4
Be7 21. Bb1 Nd5 22. Rd3 f5 23. exf6+ Bxf6 24. Rg3 g5 25. Nc5 Qe7 26. Nxe6+
Kg8 27. Qf5 Bxd4 28. Qg6+ Qg7 29. Nxg7 Bxg7 30. Rxg5 Rf6 31. Qxg7#
{Black checkmated}
1-0

[Event "ICCopen2016"]
[Site "Internet Chess Club"]
[Date "2016.06.04"]
[Round "6"]
[White "TitanRivas"]
[Black "RonJB"]
[Result "0-1"]
[ICCResult "White checkmated"]
[WhiteElo "1832"]
[BlackElo "1663"]
[Opening "Queen's pawn"]
[ECO "A40"]
[NIC "QP.05"]
[Time "14:58:00"]
[TimeControl "180+0"]

1. d4 e6 2. Nf3 Nf6 3. Bf4 d5 4. e3 c5 5. c3 Nc6 6. Nbd2 Bd6 7. Bg5 h6 8.
Bh4 O-O 9. Bd3 Be7 10. O-O b6 11. Ne5 Nxe5 12. dxe5 Nd7 13. Bg3 Qc7 14. f4
a5 15. Qe2 Rd8 16. Rad1 Nf8 17. e4 c4 18. Bc2 d4 19. cxd4 Rxd4 20. f5 Ba6
21. Qg4 exf5 22. Qxf5 Bc5 23. Kh1 Bc8 24. Qf4 Be6 25. Nf3 Rxd1 26. Rxd1 Rd8
27. Nh4 Rxd1+ 28. Bxd1 Qd8 29. Qc1 Qd4 30. Nf3 Qe3 31. Qc3 Bg4 32. h3 Bxf3
33. Bxf3 Qg1# {White checkmated} 0-1

[Event "ICCopen2016"]
[Site "Internet Chess Club"]
[Date "2016.06.04"]
[Round "6"]
[White "welo1969"]
[Black "zelog"]
[Result "1-0"]
[ICCResult "Black forfeits on time"]
[WhiteElo "1628"]
[BlackElo "2091"]
[Opening "Queen's pawn game"]
[ECO "A46"]
[NIC "QP.06"]
[Time "14:57:02"]
[TimeControl "180+0"]

1. d4 Nf6 2. Nf3 c5 3. e3 g6 4. Be2 Bg7 5. O-O O-O 6. dxc5 Na6 7. Bxa6 bxa6
8. Nbd2 Qc7 9. Nb3 a5 10. a4 Ba6 11. Re1 Bc4 12. Nfd4 a6 13. Bd2 e5 14. Bxa5
Qb7 15. Nf3 Ne4 16. Nbd2 Bd5 17. Nxe4 Bxe4 18. Bb6 Rfc8 19. c3 Rc6 20. a5 d6
21. Nd2 Bd5 22. c4 Be6 23. Ne4 dxc5 24. Nxc5 Qc8 25. Nxe6 Qxe6 26. Qd5 Qc8
27. Rac1 Rb8 28. c5 h5 29. b4 Rb7 30. Red1 Re7 31. Qd8+ Re8 32. Qxc8 Rexc8
33. Rb1 e4 34. b5 axb5 35. Rxb5 Bf8 36. a6 Ra8 37. a7 Kg7 38. Kf1 Be7 39.
Rd7 Kf6 40. Rb7 Ke6 41. Rb8 Rc8 42. Rxc8 Rxc8 43. Bc7 Ra8 44. Bb8
{Black forfeits on time}
1-0

[Event "ICCopen2016"]
[Site "Internet Chess Club"]
[Date "2016.06.04"]
[Round "6"]
[White "Danyuffa"]
[Black "chaozz"]
[Result "1/2-1/2"]
[ICCResult "Game drawn by repetition"]
[WhiteElo "2111"]
[BlackElo "3041"]
[Opening "King's Indian: fianchetto, classical main line"]
[ECO "E69"]
[NIC "KI.62"]
[Time "14:56:53"]
[TimeControl "180+0"]

1. d4 Nf6 2. c4 d6 3. Nf3 Nbd7 4. Nc3 e5 5. g3 g6 6. Bg2 Bg7 7. O-O O-O 8.
e4 c6 9. h3 Qa5 10. Be3 Nb6 11. Qd3 Be6 12. Nd2 Rad8 13. b3 d5 14. exd5 cxd5
15. c5 e4 16. Qc2 Nc8 17. b4 Qc7 18. Nb3 Qd7 19. Kh2 Ne7 20. Bf4 Nf5 21. Be5
h5 22. b5 Nh7 23. Bxg7 Kxg7 24. Ne2 Qxb5 25. Nf4 g5 26. Nxh5+ Kh6 27. g4 Nh4
28. Ng3 f5 29. gxf5 Nxf5 30. Qd2 Nh4 31. Rab1 Qd7 32. Na5 Nxg2 33. Rxb7 Qc8
34. Kxg2 Bxh3+ 35. Kg1 Bxf1 36. Nxf1 Qg4+ 37. Ng3 Rb8 38. c6 Nf6 39. Qb4 Kg6
40. Rxb8 Qd1+ 41. Kg2 Qf3+ 42. Kg1 Qd1+ 43. Nf1 Qg4+ 44. Ng3 Qd1+ 45. Nf1
Qg4+ 46. Ng3 Qd1+ 47. Nf1 Qg4+ 48. Ng3 {Game drawn by repetition} 1/2-1/2

[Event "ICCopen2016"]
[Site "Internet Chess Club"]
[Date "2016.06.04"]
[Round "6"]
[White "Eraser007"]
[Black "TZ700A"]
[Result "1-0"]
[ICCResult "Black resigns"]
[WhiteElo "2181"]
[BlackElo "1352"]
[Opening "Ruy Lopez: old Steinitz defense"]
[ECO "C62"]
[NIC "RL.02"]
[Time "14:57:15"]
[TimeControl "180+0"]

1. e4 e5 2. Nf3 Nc6 3. Bb5 d6 4. d4 exd4 5. Nxd4 Bd7 6. Nc3 Nf6 7. O-O Be7
8. Re1 O-O 9. Bf1 Ne5 10. h3 c5 11. Nde2 Be6 12. Nf4 Nfd7 13. Nxe6 fxe6 14.
f4 Ng6 15. g3 Nf6 16. Bc4 Qd7 17. f5 d5 18. exd5 exd5 19. Nxd5 Kh8 20. Nxe7
Qxd1 21. Nxg6+ hxg6 22. Rxd1 gxf5 23. Bf4 Ne4 24. Rd7 b6 25. Rad1 Nf6 26.
Rb7 Rfd8 27. Rxd8+ Rxd8 28. Rb8 Rxb8 29. Bxb8 a6 30. Bc7 b5 31. Be6 c4 32.
Bxf5 Nd5 33. Be5 Ne3 34. Be4 Nd1 35. Kf1 Ne3+ 36. Ke2 {Black resigns} 1-0

[Event "ICCopen2016"]
[Site "Internet Chess Club"]
[Date "2016.06.04"]
[Round "6"]
[White "Giantvin"]
[Black "lmenezes"]
[Result "1-0"]
[ICCResult "Black forfeits on time"]
[WhiteElo "1799"]
[BlackElo "1565"]
[Opening "QGD: Chigorin defense"]
[ECO "D07"]
[NIC "QP.08"]
[Time "14:56:52"]
[TimeControl "180+0"]

1. d4 d5 2. c4 Nc6 3. cxd5 Qxd5 4. Nf3 e5 5. Nc3 Bb4 6. dxe5 Qxd1+ 7. Kxd1
Bxc3 8. bxc3 Nge7 9. e4 Ng6 10. Bb5 Bd7 11. e6 Bxe6 12. Bxc6+ bxc6 13. Kc2
f6 14. Nd4 Bd7 15. Be3 Kf7 16. Rhd1 Rhe8 17. f3 Rab8 18. Nb3 Ne5 19. f4 Nc4
20. Rxd7+ Ke6 21. Rd3 Na3+ 22. Kd1 Nc4 23. Ke2 Kf7 24. Kf3 Nb2 25. Rd7+ Re7
26. Rxe7+ Kxe7 27. Nc5 Kd6 28. Rb1 a5 29. Nd3 {Black forfeits on time} 1-0

[Event "ICCopen2016"]
[Site "Internet Chess Club"]
[Date "2016.06.04"]
[Round "6"]
[White "thenowtime"]
[Black "rovov"]
[Result "1/2-1/2"]
[ICCResult "Game drawn by repetition"]
[WhiteElo "1963"]
[BlackElo "1745"]
[Opening "French: Winawer, advance, Russian variation"]
[ECO "C17"]
[NIC "FR.10"]
[Time "14:56:56"]
[TimeControl "180+0"]

1. e4 e6 2. d4 d5 3. Nc3 Bb4 4. e5 c5 5. Qg4 g6 6. Bb5+ Bd7 7. Bxd7+ Nxd7 8.
Nf3 cxd4 9. Qxd4 Qa5 10. Bd2 Ne7 11. O-O Nc6 12. Qf4 h6 13. Rfe1 g5 14. Qg3
O-O-O 15. a3 Bxc3 16. bxc3 Nb6 17. c4 Qc5 18. cxd5 Nxd5 19. Bb4 Ndxb4 20.
axb4 Qxb4 21. Reb1 Qf4 22. Qxf4 gxf4 23. Kf1 Rd5 24. Re1 Rhd8 25. Ra4 Nd4
26. c4 Nxf3 27. gxf3 Rd2 28. Rxa7 Kb8 29. Ra4 Rc2 30. c5 Rdd2 31. Rxf4 Rxf2+
32. Kg1 Rg2+ 33. Kh1 Rxh2+ 34. Kg1 Rhg2+ 35. Kh1 Rh2+ 36. Kg1 Rhg2+ 37. Kh1
Rh2+ {Game drawn by repetition} 1/2-1/2

[Event "ICCopen2016"]
[Site "Internet Chess Club"]
[Date "2016.06.04"]
[Round "6"]
[White "Dodgy"]
[Black "Visam"]
[Result "0-1"]
[ICCResult "White resigns"]
[WhiteElo "2055"]
[BlackElo "2774"]
[Opening "Neo-Grünfeld, 6.cd Nxd5, 7.O-O Nb6"]
[ECO "D76"]
[NIC "KI.80"]
[Time "14:57:42"]
[TimeControl "180+0"]

1. d4 Nf6 2. c4 g6 3. Nf3 Bg7 4. g3 O-O 5. Bg2 d5 6. cxd5 Nxd5 7. O-O Nb6 8.
Nc3 Nc6 9. e3 Re8 10. a4 a5 11. Qb3 e5 12. d5 Nb4 13. e4 c6 14. dxc6 bxc6
15. Ng5 Qe7 16. Be3 Rb8 17. Na2 Nxa2 18. Qxa2 h6 19. Nf3 Be6 20. Qb1 Nc4 21.
Bc1 Qb4 22. Qc2 Rec8 23. Nd2 Nb6 24. Rb1 Qxa4 25. b3 Qb5 26. Ba3 a4 27. bxa4
Qxa4 28. Qc1 Nc4 29. Nxc4 Bxc4 30. Rxb8 Rxb8 31. Rd1 Bf8 32. Bxf8 Kxf8 33.
Qxh6+ Kg8 34. h4 Qxd1+ {White resigns} 0-1

[Event "ICCopen2016"]
[Site "Internet Chess Club"]
[Date "2016.06.04"]
[Round "6"]
[White "HPG1947"]
[Black "Optikk"]
[Result "1-0"]
[ICCResult "Black forfeits on time"]
[WhiteElo "1688"]
[BlackElo "1541"]
[Opening "Alekhine's defense: Maróczy variation"]
[ECO "B02"]
[NIC "AL.10"]
[Time "14:56:59"]
[TimeControl "180+0"]

1. e4 Nf6 2. d3 d5 3. Nd2 dxe4 4. dxe4 e5 5. Ngf3 Bd6 6. c3 Bg4 7. Qc2 Nbd7
8. h3 Bh5 9. Nh4 Nc5 10. Nf5 O-O 11. f3 Bg6 12. g4 h5 13. Nc4 Bxf5 14. gxf5
Nfxe4 15. fxe4 Qh4+ 16. Qf2 Qxe4+ 17. Be3 Qxh1 18. Bxc5 Rad8 19. Bxd6 Qe4+
20. Qe3 Qxe3+ 21. Nxe3 cxd6 22. O-O-O f6 23. Bc4+ Kh7 24. Bd5 b6 25. Rg1 Rc8
26. Bf3 d5 27. Nxd5 Rfd8 28. Ne7 Rc4 29. Bxh5 Rh4 30. Bg6+
{Black forfeits on time}
1-0

[Event "ICCopen2016"]
[Site "Internet Chess Club"]
[Date "2016.06.04"]
[Round "6"]
[White "oskarito"]
[Black "TallTower"]
[Result "1-0"]
[ICCResult "Black resigns"]
[WhiteElo "2443"]
[BlackElo "1927"]
[Opening "Ruy Lopez: closed, Bogolyubov variation"]
[ECO "C91"]
[NIC "RL.20"]
[Time "14:58:22"]
[TimeControl "180+0"]

1. e4 e5 2. Nf3 Nc6 3. Bb5 a6 4. Ba4 Nf6 5. O-O Be7 6. Re1 b5 7. Bb3 d6 8.
c3 O-O 9. d4 Bg4 10. d5 Na5 11. Bc2 Qc8 12. h3 Bd7 13. Nbd2 c6 14. dxc6 Qxc6
15. Nf1 Rfc8 16. Ng3 Rab8 17. a3 Nc4 18. Qe2 a5 19. Nh4 b4 20. Ngf5 Bf8 21.
axb4 axb4 22. Bg5 Ne8 23. Ba4 Qc7 24. Bxd7 Qxd7 25. Qg4 Qe6 26. cxb4 Rc7 27.
b3 Nb6 28. Qg3 Nd7 29. Ra4 Qxb3 30. Qxb3 {Black resigns} 1-0

[Event "ICCopen2016"]
[Site "Internet Chess Club"]
[Date "2016.06.04"]
[Round "6"]
[White "Saniser"]
[Black "Rammstein"]
[Result "1-0"]
[ICCResult "Black resigns"]
[WhiteElo "1699"]
[BlackElo "2136"]
[Opening "French: MacCutcheon variation"]
[ECO "C12"]
[NIC "FR.05"]
[Time "14:57:16"]
[TimeControl "180+0"]

1. e4 e6 2. d4 d5 3. Nc3 Nf6 4. Bg5 Bb4 5. Ne2 dxe4 6. a3 Be7 7. Bxf6 Bxf6
8. Nxe4 Be7 9. g3 O-O 10. Bg2 Nd7 11. O-O c5 12. d5 Nb6 13. d6 Bf6 14. Nxc5
Bxb2 15. Rb1 Bxa3 16. Nxb7 Bxb7 17. Bxb7 Rb8 18. Ra1 Bc5 19. Bg2 Qd7 20. Ra6
Bxd6 21. Qa1 Qc7 22. Rc1 Qc4 23. Bf1 Bc5 24. Nf4 Qb4 25. Rb1 Qd2 26. Nd3 Be7
27. Rxa7 Bf6 28. Qa6 Nd5 29. Rxb8 Rxb8 30. Ra8 Rd8 31. Rxd8+ Bxd8 32. Qc8
Nf6 33. Qxd8+ {Black resigns} 1-0

[Event "ICCopen2016"]
[Site "Internet Chess Club"]
[Date "2016.06.04"]
[Round "6"]
[White "Xadrez47"]
[Black "AaronArrowood"]
[Result "1/2-1/2"]
[ICCResult "Black stalemated"]
[WhiteElo "1493"]
[BlackElo "1781"]
[Opening "Dutch: Staunton gambit, Chigorin variation"]
[ECO "A83"]
[NIC "HD.12"]
[Time "14:56:45"]
[TimeControl "180+0"]

1. d4 f5 2. Nc3 Nf6 3. e4 fxe4 4. Bg5 c6 5. Bxf6 exf6 6. d5 Bb4 7. Qd4 Qa5
8. Qxe4+ Kf7 9. Bc4 Re8 10. d6+ Kf8 11. Qxe8+ Kxe8 12. Ne2 Bxd6 13. O-O Bb4
14. Rfe1 Kf8 15. a3 Bxc3 16. b4 Qc7 17. Nxc3 d5 18. Bd3 g6 19. Re2 Bf5 20.
Rae1 Nd7 21. Re7 Bxd3 22. cxd3 Kg8 23. Ne2 Rf8 24. Nd4 Rf7 25. Re8+ Kg7 26.
Ne6+ Kh6 27. Nxc7 Ne5 28. d4 Nc4 29. R1e7 Rxe7 30. Rxe7 Nxa3 31. Ne6 Nc2 32.
Rxb7 a6 33. Rb6 f5 34. Rxc6 Nxb4 35. Rb6 a5 36. Rb5 Nc2 37. Rxa5 f4 38. Rxd5
g5 39. h3 Nb4 40. Rd6 Kh5 41. Rb6 Nd5 42. Rb5 Nc3 43. Rxg5+ Kh6 44. Rg4 f3
45. gxf3 Ne2+ 46. Kg2 Nc3 47. h4 Nd5 48. Rg5 Nf4+ 49. Nxf4 {Black
stalemated} 1/2-1/2

[Event "ICCopen2016"]
[Site "Internet Chess Club"]
[Date "2016.06.04"]
[Round "6"]
[White "majasystem"]
[Black "TURNER"]
[Result "1-0"]
[ICCResult "Black forfeits on time"]
[WhiteElo "2154"]
[BlackElo "1818"]
[Opening "Beefeater defense"]
[ECO "A40"]
[NIC "QO.17"]
[Time "14:57:31"]
[TimeControl "180+0"]

1. d4 g6 2. c4 Bg7 3. Nc3 c5 4. d5 Bxc3+ 5. bxc3 f5 6. g4 fxg4 7. h3 g3 8.
fxg3 Nf6 9. Bg2 d6 10. e4 Nbd7 11. Bh6 Ne5 12. h4 Bg4 13. Qd2 Nxc4 14. Qg5
Qa5 15. Ne2 Bxe2 16. Kxe2 Qxc3 17. Bg7 Qb2+ 18. Kf3 Nd2+ 19. Kf4 Nh5+ 20.
Kg4 Nxg7 21. Rhd1 Nc4 22. Kh3 Ne5 23. Rab1 Qe2 24. Rxb7 O-O 25. Rd2 Qa6 26.
Rxe7 Rf7 27. h5 Rxe7 28. Qxe7 Nxh5 29. Rf2 Qc8+ 30. Qe6+ Qxe6+ 31. dxe6 Re8
32. g4 Ng7 33. Rb2 Nxe6 34. Rb7 Nf4+ 35. Kg3 Nxg2 36. Rxa7 Rc8 37. a4 c4 38.
a5 c3 39. a6 c2 40. Rc7 c1=Q 41. a7 Qxc7 42. a8=Q Rxa8 43. g5 Qc3+ 44. Kh2
Ra3 45. Kg1 Qg3 46. Kf1 Nd3 47. Ke2 Qf2+ 48. Kd1 {Black forfeits on time}
1-0

[Event "ICCopen2016"]
[Site "Internet Chess Club"]
[Date "2016.06.04"]
[Round "6"]
[White "Last7Samurai"]
[Black "SurferRosa"]
[Result "0-1"]
[ICCResult "White resigns"]
[WhiteElo "2786"]
[BlackElo "2487"]
[Opening "French: Two knights variation"]
[ECO "C00"]
[NIC "FR.01"]
[Time "14:56:59"]
[TimeControl "180+0"]

1. e4 e6 2. Nf3 d5 3. Nc3 d4 4. Ne2 c5 5. Ng3 Nc6 6. Bb5 Bd6 7. O-O Ne7 8.
Re1 e5 9. Nf5 O-O 10. Nxd6 Qxd6 11. Bxc6 Nxc6 12. d3 Bg4 13. h3 Bh5 14. g4
Bg6 15. Nh4 b5 16. Qf3 c4 17. Nf5 Qe6 18. Kh2 Nb4 19. Qd1 cxd3 20. cxd3 Rac8
21. Re2 a5 22. Bd2 Nxd3 23. Bg5 Nf4 24. Bxf4 exf4 25. Qxd4 f6 26. Rd1 h5 27.
f3 hxg4 28. hxg4 Rce8 29. Qd5 Bf7 30. Qxb5 Qxa2 31. Red2 Rb8 32. Ne7+ Kh8
33. Kg2 Rxb5 34. Rh1+ Bh5 35. e5 Rxe5 36. Ng6+ Kg8 37. Nxe5 fxe5 38. Rxh5
Rb8 39. Rxe5 Rxb2 40. Re8+ Kf7 {White resigns} 0-1

[Event "ICCopen2016"]
[Site "Internet Chess Club"]
[Date "2016.06.04"]
[Round "6"]
[White "Entoloma"]
[Black "DukeBishop"]
[Result "1-0"]
[ICCResult "Black forfeits on time"]
[WhiteElo "1974"]
[BlackElo "1605"]
[Opening "Queen's pawn: London system"]
[ECO "A45"]
[NIC "QP.07"]
[Time "14:56:47"]
[TimeControl "180+0"]

1. d4 Nf6 2. Bf4 e6 3. e3 d5 4. Nd2 Be7 5. h3 O-O 6. Bd3 Nbd7 7. Ngf3 b6 8.
O-O Bb7 9. Qe2 c5 10. c3 h6 11. a3 a5 12. a4 Rc8 13. Nb1 Ne4 14. Na3 cxd4
15. exd4 g5 16. Bh2 f5 17. Nb5 Ba6 18. Ne5 Nxe5 19. Bxe5 Bxb5 20. Bxb5 Bd6
21. Qh5 Kh7 22. f4 Bxe5 23. dxe5 Qe7 24. Rf3 Qf7 25. Qxf7+ Rxf7 26. g4 fxg4
27. hxg4 Rxf4 28. Rxf4 gxf4 29. Bd7 Rd8 30. Bxe6 Nc5 31. Bf5+ Kg7 32. Kf2
Nb3 33. Rd1 Nc5 34. Kf3 Nxa4 35. Rd2 {Black forfeits on time} 1-0

[Event "ICCopen2016"]
[Site "Internet Chess Club"]
[Date "2016.06.04"]
[Round "6"]
[White "pulpocybort"]
[Black "flinkfinger"]
[Result "0-1"]
[ICCResult "White checkmated"]
[WhiteElo "1650"]
[BlackElo "2173"]
[Opening "Sicilian: Taimanov variation"]
[ECO "B49"]
[NIC "SI.40"]
[Time "14:56:46"]
[TimeControl "180+0"]

1. e4 c5 2. Nf3 e6 3. d4 cxd4 4. Nxd4 Nc6 5. Nc3 Qc7 6. Be3 a6 7. Be2 b5 8.
Qd2 Nf6 9. Bf3 Ne5 10. O-O Nxf3+ 11. Nxf3 b4 12. Na4 Nxe4 13. Qd3 d5 14. Nb6
Rb8 15. Nxc8 Qxc8 16. Rfe1 Be7 17. Bd4 O-O 18. Be5 Rb5 19. Nd4 Rb6 20. Nb3
Rc6 21. Rac1 f6 22. Bd4 Qc7 23. f3 Ng5 24. Re2 Rd8 25. Rce1 e5 26. Bxe5 fxe5
27. Rxe5 Bf6 28. Rxd5 Rcd6 29. Rxd6 Qxd6 30. Re8+ Kf7 31. Rxd8 Qxd8 32. Qc4+
Kg6 33. h4 Qd1+ 34. Kh2 Qd6+ 35. Kh1 Ne6 36. Qg4+ Kf7 37. Qc4 h5 38. Nc5 Ke7
39. Ne4 Qd1+ 40. Kh2 Be5+ 41. g3 Qxf3 42. Qxb4+ Kf7 43. Qb7+ Kg6 44. Qc6
Bxg3+ 45. Nxg3 Qxc6 46. Kh3 Qxc2 47. b3 Nf4# {White checkmated} 0-1

[Event "ICCopen2016"]
[Site "Internet Chess Club"]
[Date "2016.06.04"]
[Round "6"]
[White "Deverill"]
[Black "saira"]
[Result "0-1"]
[ICCResult "White forfeits on time"]
[WhiteElo "1282"]
[BlackElo "1771"]
[Opening "Vienna gambit: Paulsen attack"]
[ECO "C29"]
[NIC "VG.03"]
[Time "14:57:15"]
[TimeControl "180+0"]

1. e4 e5 2. Nc3 Nf6 3. f4 d5 4. fxe5 Nxe4 5. Qf3 Nxc3 6. bxc3 Be6 7. d4 c5
8. a4 c4 9. Ba3 Bxa3 10. Rxa3 Qe7 11. Ra1 O-O 12. Be2 a5 13. Nh3 h6 14. O-O
Ra6 15. Rab1 Nc6 16. Nf2 Nd8 17. Ng4 Qg5 18. Ne3 Qg6 19. Nxd5 Bxd5 20. Qxd5
Qxc2 21. Bxc4 Qxc3 22. Bxa6 bxa6 23. Rb8 Ne6 24. Rxf8+ Kxf8 25. Qa8+ Ke7 26.
Qb7+ Nc7 27. d5 Qd4+ 28. Kh1 Qc4 29. d6+ Ke6 30. Qc8+ Kxe5 31. Rg1 Kxd6
{White forfeits on time}
0-1

[Event "ICCopen2016"]
[Site "Internet Chess Club"]
[Date "2016.06.04"]
[Round "6"]
[White "chapeau"]
[Black "ChAn"]
[Result "1-0"]
[ICCResult "Black resigns"]
[WhiteElo "1351"]
[BlackElo "1489"]
[Opening "Queen's pawn game"]
[ECO "A45"]
[NIC "QP.07"]
[Time "14:57:55"]
[TimeControl "180+0"]

1. d4 Nf6 2. e4 Nxe4 3. Nc3 Nxc3 4. bxc3 d5 5. f4 Bf5 6. Nf3 e6 7. Be2 c5 8.
O-O Be7 9. Qe1 h6 10. Be3 c4 11. Ne5 Nc6 12. Bh5 Nxe5 13. fxe5 g6 14. Bd1
Bg5 15. Rb1 Bxe3+ 16. Qxe3 b6 17. Qf2 Qg5 18. a4 h5 19. h4 Qh6 20. a5 bxa5
21. Rb7 g5 22. Be2 O-O 23. hxg5 Qxg5 24. Qe1 Bg4 25. Bxg4 Qxg4 26. Rf3 Qe4
27. Qf2 Qh7 28. Rg3+ Kh8 29. Qf6+ {Black resigns} 1-0

[Event "ICCopen2016"]
[Site "Internet Chess Club"]
[Date "2016.06.04"]
[Round "6"]
[White "Elcid"]
[Black "PolishRyszard"]
[Result "0-1"]
[ICCResult "White forfeits on time"]
[WhiteElo "1132"]
[BlackElo "1710"]
[Opening "Modern defense"]
[ECO "A40"]
[NIC "QO.17"]
[Time "14:56:49"]
[TimeControl "180+0"]

1. d4 g6 2. Nf3 Bg7 3. c4 c5 4. d5 e5 5. e4 d6 6. h3 Ne7 7. Bd3 f5 8. Nc3
O-O 9. Qc2 fxe4 10. Nxe4 Rxf3 11. gxf3 Nf5 12. Bg5 Qa5+ 13. Bd2 Qd8 14. Bg5
Qf8 15. Qc3 Nd4 16. Be2 Na6 17. a3 Bd7 18. Rg1 Nc7 19. Be3 Nf5 20. Bg5 Rb8
21. Rb1 b5 22. b3 b4 23. Qb2 Nd4 24. Be3 Nf5 25. Bg5 a5 26. axb4 Rxb4 27.
Bd2 Na6 28. Bxb4 Nxb4 29. Qa3 Qd8 30. Kd2 Bh6+ 31. Kc3 Bg7
{White forfeits on time}
0-1

[Event "ICCopen2016"]
[Site "Internet Chess Club"]
[Date "2016.06.04"]
[Round "6"]
[White "jupitor1"]
[Black "A4-H5"]
[Result "0-1"]
[ICCResult "White forfeits on time"]
[WhiteElo "941"]
[BlackElo "1790"]
[Opening "Sicilian defense"]
[ECO "B20"]
[NIC "SI.48"]
[Time "14:57:03"]
[TimeControl "180+0"]

1. e4 c5 2. d3 g6 3. Nf3 Bg7 4. Qe2 Nc6 5. c3 d6 6. Nbd2 e5 7. Nc4 Bg4 8. h3
Bxf3 9. Qxf3 Nge7 10. g4 O-O 11. Bg5 f6 12. Bh4 d5 13. exd5 Nxd5 14. Bg2
Nce7 15. O-O Nf4 16. Rad1 Nxg2 17. Qxg2 Nd5 18. Ne3 Nf4 19. Qf3 f5 20. Bxd8
Raxd8 21. gxf5 gxf5 22. Nd5 Rxd5 23. c4 Rd7 24. Rfe1 Kh8 25. Re3 Bf6 26. Qh5
Rg7+ 27. Kf1 Rg5 28. Qh4 Rg1+ {White forfeits on time} 0-1

[Event "ICCopen2016"]
[Site "Internet Chess Club"]
[Date "2016.06.04"]
[Round "6"]
[White "daskapitallesen"]
[Black "danvenez"]
[Result "0-1"]
[ICCResult "White resigns"]
[WhiteElo "1765"]
[BlackElo "1545"]
[Opening "Old Benoni: Mujannah formation"]
[ECO "A43"]
[NIC "OI.09"]
[Time "14:57:08"]
[TimeControl "180+0"]

1. d4 c5 2. d5 f5 3. Nc3 g6 4. e4 d6 5. f3 fxe4 6. fxe4 Bg7 7. Nf3 Na6 8. a3
e5 9. Bg5 Nf6 10. Bd3 O-O 11. O-O Bg4 12. h3 Bd7 13. Qd2 Qe7 14. Bh6 Nc7 15.
a4 a6 16. b3 Bxh6 17. Qxh6 Qg7 18. Qxg7+ Kxg7 19. Nd2 b6 20. Nc4 Nce8 21.
Nxb6 Ra7 22. Nxd7 Rxd7 23. Bxa6 Nh5 24. Rxf8 Kxf8 25. Rf1+ Kg7 26. Bb5 Re7
27. Bxe8 Rxe8 28. Ne2 Nf6 29. Nc3 Rb8 30. g4 h6 31. Kf2 Rb4 32. Ke3 g5 33.
Rf5 c4 34. bxc4 Rxc4 35. Kd3 Rd4+ 36. Ke3 Rc4 37. Kd3 Rd4+ 38. Ke3 Rc4 39.
Kd2 Nxe4+ 40. Nxe4 Rxe4 41. Kc3 Rxa4 42. Rf1 Ra3+ 43. Kb4 Rxh3 44. Ra1 Rh4
45. Ra6 Rxg4+ 46. Kb5 e4 47. c4 e3 48. Rxd6 Re4 49. Rd7+ Kg6 50. d6 e2 51.
Rd8 e1=Q 52. d7 Qb1+ 53. Kc5 Re5+ 54. Kc6 Qe4+ 55. Kc7 Rc5+ 56. Kb6 Rxc4 57.
Rg8+ Kh5 58. d8=Q Rc6+ 59. Kb5 Rg6 60. Qd1+ g4 61. Qh1+ Kg5 62. Qc1+ Qf4 63.
Qc5+ Qf5 64. Qxf5+ Kxf5 65. Rf8+ Kg5 66. Rh8 h5 67. Kc4 g3 68. Kd3 Kg4 69.
Ke2 Rf6 70. Rg8+ Kh3 71. Rxg3+ Kxg3 72. Ke3 h4 {White resigns} 0-1

[Event "ICCopen2016"]
[Site "Internet Chess Club"]
[Date "2016.06.04"]
[Round "6"]
[White "Biscuetz"]
[Black "dineshsharma"]
[Result "0-1"]
[ICCResult "White checkmated"]
[WhiteElo "1551"]
[BlackElo "2369"]
[Opening "King's Indian: London system"]
[ECO "A45"]
[NIC "QP.03"]
[Time "14:57:04"]
[TimeControl "180+0"]

1. d4 Nf6 2. Bf4 g6 3. Nf3 Bg7 4. e3 O-O 5. Be2 d6 6. O-O Nfd7 7. c4 e5 8.
Bg3 Nc6 9. Nc3 Re8 10. Qd2 e4 11. Ne1 Nf6 12. a3 h6 13. b4 Bf5 14. h3 Qd7
15. b5 Ne7 16. a4 g5 17. Nc2 Bg6 18. f4 exf3 19. Bxf3 c6 20. Nb4 Rac8 21.
Rae1 Nf5 22. Bf2 h5 23. e4 Ne7 24. Qxg5 Nh7 25. Qd2 cxb5 26. cxb5 Rc4 27.
Ncd5 Nxd5 28. Nxd5 Rxa4 29. Rb1 Rc4 30. Rfe1 Rec8 31. b6 a6 32. Nc7 Nf8 33.
Qg5 Ne6 34. Qd5 Rc6 35. Bxh5 Nf4 36. Qg5 Nxh5 37. g4 Nf6 38. e5 dxe5 39.
dxe5 Nh7 40. Qf4 Bxb1 41. Bg3 Bg6 42. Rf1 Rxb6 43. h4 Qxc7 44. h5 Bd3 45. g5
Bxf1 46. g6 fxg6 47. hxg6 Rxg6 48. Kxf1 Rxg3 49. Qxg3 Qc1+ 50. Kf2 Rc2+ 51.
Kf3 Rc3+ 52. Kg4 Qd1+ 53. Kf5 Rxg3 54. e6 Qg4# {White checkmated} 0-1

[Event "ICCopen2016"]
[Site "Internet Chess Club"]
[Date "2016.06.04"]
[Round "6"]
[White "VerdeNotte"]
[Black "victor22224444"]
[Result "1-0"]
[ICCResult "Black resigns"]
[WhiteElo "2821"]
[BlackElo "2357"]
[Opening "Philidor: Improved Hanham variation"]
[ECO "B07"]
[NIC "PU.08"]
[Time "14:57:01"]
[TimeControl "180+0"]

1. e4 d6 2. d4 Nf6 3. Nc3 e5 4. Nf3 Nbd7 5. g4 h6 6. g5 hxg5 7. Bxg5 Be7 8.
Qd2 exd4 9. Nxd4 Ne5 10. f4 Ng6 11. O-O-O Bg4 12. Bb5+ c6 13. Nxc6 bxc6 14.
Bxc6+ Kf8 15. Bxa8 Bxd1 16. Bc6 Bf3 17. Rf1 Bg4 18. Rg1 Bh5 19. Qd4 Qb6 20.
Qxb6 axb6 21. a4 Ng4 22. Bxe7+ Nxe7 23. Bb5 f5 24. exf5 Nxf5 25. Nd5 Nxh2
26. Nxb6 Nf3 27. Rh1 Rh6 28. a5 N3d4 29. Bd7 Bf3 30. Rxh6 gxh6 31. a6 h5 32.
a7 h4 33. c3 Ne2+ 34. Kd2 h3 35. Bxf5 h2 36. Bg4 h1=Q 37. Bxf3 Qxf3 38.
a8=Q+ Qxa8 39. Nxa8 Nxf4 40. Ke3 Ne6 41. Ke4 Ke7 42. Nb6 Nc5+ 43. Kd4 Na4
44. Nxa4 Kd7 45. Kd5 Kc7 46. Nc5 {Black resigns} 1-0

[Event "ICCopen2016"]
[Site "Internet Chess Club"]
[Date "2016.06.04"]
[Round "6"]
[White "ChessGeek"]
[Black "JavaChessMan"]
[Result "1-0"]
[ICCResult "Black forfeits on time"]
[WhiteElo "1746"]
[BlackElo "1888"]
[Opening "Sicilian"]
[ECO "B50"]
[NIC "SI.01"]
[Time "14:56:46"]
[TimeControl "180+0"]

1. e4 c5 2. Nf3 d6 3. c3 Nf6 4. g3 Nc6 5. Qe2 g6 6. Bg2 Bg7 7. O-O O-O 8.
Rd1 Rb8 9. d4 cxd4 10. cxd4 Bg4 11. Nc3 a6 12. h3 Bxf3 13. Bxf3 Nd7 14. Be3
e5 15. d5 Nd4 16. Bxd4 exd4 17. Nb1 Re8 18. Qd3 Nc5 19. Qc4 b5 20. Qc2 d3
21. Qd2 Nxe4 22. Bxe4 Rxe4 23. Nc3 Rd4 24. Qe3 b4 25. Ne2 Rxd5 26. Rxd3 Rxd3
27. Qxd3 Bxb2 28. Rb1 Bg7 29. Nf4 a5 30. Nd5 Qd7 31. Rc1 Qxh3 32. Ne7+ Kh8
33. Qf3 Qe6 34. Nd5 Re8 35. Rc7 Kg8 36. Kg2 h5 37. Kh2 Be5 38. Kg2 Kg7 39.
Rb7 Qf5 40. Qxf5 gxf5 41. Nc7 Kf6 42. Nxe8+ Ke6 43. Nc7+ Kd7 44. Na6+ Kc6
45. Rb8 Kd5 46. Nxb4+ Ke4 47. Nc6 Kd3 48. Nxe5+ Ke2 49. Nxf7 Kd1 50. Nh6 Ke1
51. Nxf5 {Black forfeits on time} 1-0